 Dungeon Crawl Stone Soup version 0.27.0-65-ge2af304b15 (webtiles) character file.

Game seed: 15761809727358233845

4 Gwenloh the Skirmisher (level 1, -1/18 HPs)
             Began as a Formicid Abyssal Knight on Aug 19, 2021.
             Was a Follower of Lugonu.
             Slain by a quokka (3 damage)
             ... on level 1 of the Dungeon.
             The game lasted 00:01:39 (256 turns).

Gwenloh the Skirmisher (Formicid Abyssal Knight)     Turns: 256, Time: 00:01:39

Health: -1/18      AC:  3    Str: 16    XL:     1   Next: 77%
Magic:  2/2        EV: 11    Int: 11    God:    Lugonu [*.....]
Gold:   0          SH:  0    Dex: 10    Spells: 0/0 levels left

rFire    . . .     SeeInvis +   a - +1 hand axe
rCold    . . .     Faith    .   (no shield)
rNeg     . . .     Spirit   .   b - +0 leather armour
rPois    .         Reflect  .   (helmet unavailable)
rElec    .         Harm     .   (no cloak)
rCorr    .         Rampage  .   (no gloves)
Will     .....                  (no boots)
Stlth    +.........             (no amulet)
HPRegen  0.06/turn              (no ring)
MPRegen  0.08/turn              (no ring)

@: no status effects
A: permanent stasis, dig shafts and tunnels, antennae 3, four strong arms
a: Dig, Shaft Self, Renounce Religion, Depart the Abyss


You were on level 1 of the Dungeon.
You worshipped Lugonu.
Lugonu was aware of your devotion.
You visited 1 branch of the dungeon, and saw 2 of its levels.
You visited the Abyss 1 time.

Inventory:

Hand Weapons
 a - a +1 hand axe (weapon)
Missiles
 d - 15 stones (quivered)
Armour
 b - a +0 leather armour (worn)
Scrolls
 c - 4 scrolls of identify {unknown}


   Skills:
 + Level 3.3 Fighting
 + Level 2.1 Axes
 + Level 2.3 Armour
 + Level 1.0 Dodging
 + Level 2.3 Invocations


You couldn't memorise any spells.
You didn't know any spells.
Your spell library was empty.

Dungeon Overview and Level Annotations

Branches:
Dungeon (2/15)

Altars:


Innate Abilities, Weirdness & Mutations

You cannot be hasted, slowed, berserked, paralysed or teleported.
You can dig through walls and to a lower floor.
You have a pair of large antennae on your head. (SInv)
Your four strong arms can wield two-handed weapons with a shield.


Message History

You barely miss the hobgoblin.
The hobgoblin is lightly wounded.
You hit the hobgoblin. The hobgoblin hits you.
The hobgoblin closely misses you. x2
The hobgoblin hits you but does no damage.
You hit the hobgoblin.
The hobgoblin is severely wounded.
You closely miss the hobgoblin.
The hobgoblin hits you but does no damage.
The hobgoblin hits you.
You hit the hobgoblin.
You kill the hobgoblin!
Lugonu accepts your kill.
You closely miss the hobgoblin. The hobgoblin hits you.
Your Dodging skill increases to level 1!
You hit the hobgoblin.
The hobgoblin is moderately wounded.
You barely miss the quokka. The quokka barely misses you.
The hobgoblin hits you.
The quokka bites you but does no damage.
You are too injured to fight recklessly!
You are too injured to fight recklessly!
You are too injured to fight recklessly!
You are too injured to fight recklessly!
You are too injured to fight recklessly!
You closely miss the hobgoblin.
The hobgoblin is moderately wounded.
The hobgoblin barely misses you. x2
You hit the hobgoblin.
You kill the hobgoblin!
Lugonu accepts your kill. The quokka bites you.
* * * LOW HITPOINT WARNING * * *
You closely miss the quokka. The quokka barely misses you.
You closely miss the quokka. The quokka misses you. The quokka bites you.
* * * LOW HITPOINT WARNING * * *
You hit the quokka.
The quokka is moderately wounded.
The quokka bites you.
You die...

... #.. ..#
#####.. .......
.......
.....(†######.#
.......r@.....#
####.##########


You could see a quokka.

Vanquished Creatures
  A giant cockroach (D:1)
  2 hobgoblins (D:1)
  A ball python (D:1)
4 creatures vanquished.

Notes
Turn   | Place    | Note
-------+----------+-------------------------------------------
     0 | Abyss:1  | Gwenloh the Formicid Abyssal Knight began the quest for the
                  | Orb.
     0 | Abyss:1  | Reached XP level 1. HP: 18/18 MP: 2/2
    58 | Abyss:1  | Found a corrupted altar of Lugonu.
    81 | Abyss:1  | Noticed a raiju
    83 | Abyss:1  | Noticed a sixfirhy
    87 | D:1      | Escaped the Abyss
   235 | D:1      | You fall into a shaft and drop 1 floor!
   245 | D:1      | Reached * piety under Lugonu
   250 | D:1      | Reached skill level 1 in Dodging
   256 | D:1      | Slain by a quokka

Illustrated notes

Levels and vault maps discovered:
D:1:      dpeg_arrival_snail, layout_basic, hex_tiny, hangedman_decor_push,
          lemuel_old_faithful
D:2:      layout_basic, basic_altar, uniq_sigmund

Skill      XL: |  1 |
---------------+----+-----
Dodging        | 1 |  1.0
Fighting       | |  3.3
Axes           | |  2.1
Armour         | |  2.3
Invocations    | |  2.3

Action                   || total
-------------------------++-------
Melee: Hand axe          ||    15
Throw: Stone             ||     2
Invok: Depart the Abyss  ||     1
Armor: Leather armour    ||     6
Dodge: Dodged            ||    11
